 Dungeon Sprint DCSS version 0.30.1-11-g7821555f0a (webtiles) character file.

Game seed: 10750525012156228654

283 Heoruswealwe the Spear-Bearer (level 6, -7/62 HPs)
             Began as a Minotaur Fighter on Nov 9, 2023.
             Was an Initiate of Gozag.
             Mangled by a troll (8 damage)
             ... in the Dungeon (Sprint IX: "|||||||||||||||||||||||||||||").
             The game lasted 00:02:06 (135 turns).

Heoruswealwe the Spear-Bearer (Minotaur Fighter)     Turns: 135, Time: 00:02:06

Health: -7/62      AC:  9    Str: 22    XL:     6   Next: 7%
Magic:  5/5        EV: 10    Int:  5    God:    Gozag
Gold:   0          SH:  0    Dex: 10    Spells: 5/5 levels left

rFire   . . .        b - +2 halberd (venom)
rCold   . . .        (shield currently unavailable)
rNeg    . . .        c - +0 scale mail
rPois   .            (helmet restricted)
rElec   .            (no cloak)
rCorr   .            f - +0 pair of gloves
SInv    .            (no boots)
Will    .....        (no amulet) Stlth
                     (no ring)
HPRegen 0.30/turn    (no ring)
MPRegen 0.09/turn

%: no teleportation
@: gold aura
A: horns 2, retaliatory headbutt
a: Renounce Religion, Potion Petition, Call Merchant, Bribe Branch


You were in the Dungeon.
You worshipped Gozag.
Gozag was noncommittal.
You visited 1 branch

Inventory:

Hand Weapons
 a - a +0 trident
 b - a +2 halberd of venom (weapon)
Armour
 c - a +0 scale mail (worn)
 d - a +0 buckler
 f - a +0 pair of gloves (worn)
Wands
 h - a wand of roots (10)
Scrolls
 j - 2 scrolls of blinking
Potions
 e - 4 potions of curing
 g - a potion of haste
 i - a potion of berserk rage
 k - a potion of might


   Skills:
 + Level 8.4 Fighting
 * Level 11.0 Polearms
 + Level 8.4 Armour
 - Level 3.6 Shields


You had 5 spell levels left.
You didn't know any spells.
Your spell library was empty.

Dungeon Overview and Level Annotations

Branches:
Dungeon (1/1)

Altars:
Cheibriados
Dithmenos
Elyvilon
Fedhas
Gozag
Hepliaklqana
Kikubaaqudgha
Makhleb
Nemelex Xobeh
Okawaru
Qazlal
Ru
Sif Muna
Trog
Uskayaw
Vehumet
Wu Jian
Xom
Yredelemnul
Zin
The Shining One
Jiyva
Lugonu


Innate Abilities, Weirdness & Mutations

You have a pair of horns on your head.
You reflexively headbutt those who attack you in melee.


Message History

Your Fighting skill increases to level 8!
Your Polearms skill gained 2 levels and is now at level 11!
Your Armour skill increases to level 8!
You have reached level 6!
You barely miss the troll. The troll bites you!
* * * LOW HITPOINT WARNING * * *
The troll claws you but does no damage. The troll barely misses you.
You feel much better. The troll bites you but does no damage.
The troll claws you! x2
You barely miss the troll. You headbutt the troll!
The troll is moderately wounded.
The troll bites you!
* * * LOW HITPOINT WARNING * * *
The troll claws you!
* * * LOW HITPOINT WARNING * * *
The troll misses you.
You feel much better. The troll bites you! The troll claws you!
* * * LOW HITPOINT WARNING * * *
The troll claws you.
* * * LOW HITPOINT WARNING * * *
You feel much better.
The centaur is distracted by your dazzling golden aura.
The troll bites you. The troll claws you but does no damage.
The troll claws you.
You barely miss the troll.
The centaur shouts!
You headbutt the troll, but do no damage.
The troll is lightly wounded.
The troll bites you. The troll claws you! The troll claws you.
You hit the troll.
The troll is poisoned.
You headbutt the troll!
The troll is heavily wounded.
The troll bites you!
* * * LOW HITPOINT WARNING * * *
The troll closely misses you. The troll claws you!
* * * LOW HITPOINT WARNING * * *
You hit the troll but do no damage.
The troll looks as sick as possible!
The troll is heavily wounded.
The troll bites you!
You die...
Your body crumbles into a pile of gold.

$
▓?▓
$
▓)▓
$
▓=▓
▓[▓
$
▓=▓
▓[▓
$
▓.▓
▓.▓
$
▓@▓
$
▓T▓
$ $
▓l▓
$
▓y▓
$ $
▓y▓
$
▓c▓
$
▓.▓
▓+▓


You could see a troll (extremely poisoned), a wyvern, a vampire mosquito, a
centaur and a killer bee.

Vanquished Creatures
  An orc warrior (D)
  2 scorpions (D)
  A hound (D)
  A sleepcap (D)
  An ufetubus (D)
  A goblin (D)
  A hobgoblin (D)
  2 kobolds (D)
  A rat (D)
11 creatures vanquished.

Notes
Turn   | Place    | Note
-------+----------+-------------------------------------------
     0 | D        | Heoruswealwe the Minotaur Fighter began the quest for the
                  | Orb.
     0 | D        | Reached XP level 1. HP: 19/19 MP: 0/0
     7 | D        | Reached skill level 3 in Polearms
    21 | D        | Noticed a hound
    21 | D        | Noticed a scorpion
    21 | D        | Noticed a scorpion
    21 | D        | Noticed a sleepcap
    27 | D        | Killed a hound
    28 | D        | Reached skill level 5 in Fighting
    28 | D        | Reached skill level 5 in Polearms
    28 | D        | Reached skill level 5 in Armour
    28 | D        | Reached XP level 2. HP: 23/29 MP: 1/1
    28 | D        | Reached XP level 3. HP: 28/36 MP: 2/2
    29 | D        | Reached skill level 6 in Polearms
    35 | D        | Killed a scorpion
    36 | D        | Reached skill level 8 in Polearms
    36 | D        | Reached XP level 4. HP: 34/45 MP: 3/3
    38 | D        | Killed a scorpion
    39 | D        | Reached skill level 9 in Polearms
    39 | D        | Reached XP level 5. HP: 40/52 MP: 4/4
    50 | D        | Found a snail-covered altar of Cheibriados.
    50 | D        | Found a shadowy altar of Dithmenos.
    50 | D        | Found a white marble altar of Elyvilon.
    50 | D        | Found a blossoming altar of Fedhas.
    50 | D        | Found an opulent altar of Gozag.
    51 | D        | Found a hazy altar of Hepliaklqana.
    52 | D        | Found a viscous altar of Jiyva.
    53 | D        | Found an ancient bone altar of Kikubaaqudgha.
    54 | D        | Found a corrupted altar of Lugonu.
    55 | D        | Found a burning altar of Makhleb.
    56 | D        | Found a sparkling altar of Nemelex Xobeh.
    57 | D        | Found an iron altar of Okawaru.
    58 | D        | Became a worshipper of Gozag Ym Sagoz the Greedy
    59 | D        | Found a stormy altar of Qazlal.
    60 | D        | Found a sacrificial altar of Ru.
    61 | D        | Found a shimmering blue altar of Sif Muna.
    62 | D        | Found a bloodstained altar of Trog.
    63 | D        | Found a hide-covered altar of Uskayaw.
    64 | D        | Found a radiant altar of Vehumet.
    65 | D        | Found an ornate altar of the Wu Jian Council.
    66 | D        | Found a shimmering altar of Xom.
    67 | D        | Found a basalt altar of Yredelemnul.
    68 | D        | Found a glowing silver altar of Zin.
    69 | D        | Found a glowing golden altar of the Shining One.
   121 | D        | Noticed an orc warrior
   121 | D        | Noticed a troll
   121 | D        | Noticed a wyvern
   121 | D        | Noticed a vampire mosquito
   121 | D        | Noticed a centaur
   127 | D        | Killed an orc warrior
   128 | D        | Reached skill level 11 in Polearms
   128 | D        | Reached XP level 6. HP: 24/62 MP: 5/5
   134 | D        | HP: 1/62 [troll (8)]
   135 | D        | Mangled by a troll

Illustrated notes

Levels and vault maps discovered:
D:        linesprint [early_d, line_temple, items_1, d_10, items_2, lair_1,
          lair_end, items_3, orc_1, orc_end, items_4, d_15, swamp_1, shoals_1,
          snake_1, spider_1, d_20, vaults_1, items_5, swamp_end, shoals_end,
          snake_end, spider_end, vaults_end, d_27, items_6, zot_1, zot_end,
          crypt_end, forest_end, elf_end, slime_end, tomb_end, abyss_end,
          pan_hell_end]

Skill      XL: |  1  2  3  4  5 |
---------------+----------------+-----
Polearms       | 5 8 9 11 | 11.0
Fighting       | 5 6 7 8 |  8.4
Armour         | 5 6 7 8 |  8.4
Shields        | |  3.6

Action                     |  1- 3 |  4- 6 || total
---------------------------+-------+-------++-------
  Melee: Trident           |    21 |     7 ||    28
         Headbutt          |     2 |     6 ||     8
         Halberd           |       |    10 ||    10
    Use: Potion            |     1 |     3 ||     4
 Armour: Scale mail        |     6 |     3 ||     9
  Dodge: Dodged            |    12 |     7 ||    19
  Block: Buckler           |     1 |     1 ||     2
